Map: Ruby Rock LE

Players

INexorable

  • Race: Terran Terran
  • Spawn Location: 5:00

A.I. 1 (Very Easy) - Winner!

  • Race: Zerg Zerg
  • Spawn Location: 11:00

VOD

Have the link to the VOD?

Description

Time

  • Played on: Dec. 29, 2025, 12:56 p.m.
  • Length: 3:18
Show
View Real Time Build Order
Export as new Build Order

INexorable Terran 

Build Orders:  

Get SALT Encoding   

  12  0:01  SCV  
  13  0:13  SCV  
  14  0:17  Supply Depot  
  14  0:25  SCV  
  15  0:39  Barracks  
  15  0:53  Barracks  
  15  1:06  Barracks  
  15  1:09  SCV  
  16  1:26  Orbital Command, Marine  
  17  1:37  Supply Depot  
  17  1:40  Marine  
  17  1:44  Marine  
  19  1:52  SCV  
  20  1:55  Marine  
  20  1:58  Marine  
  22  2:02  Marine  
  22  2:04  SCV  
  22  2:08  Bunker  
  24  2:13  Marine  
  25  2:17  Marine  
  25  2:19  Marine  
  25  2:20  SCV  
  28  2:27  Supply Depot  
  28  2:31  Marine  
  28  2:34  Marine  
  29  2:37  Marine, SCV  
  30  2:49  Marine  
  30  2:50  SCV  
  32  2:51  Refinery  
  32  2:53  Marine  
  32  2:55  Marine  
  34  3:01  Supply Depot  
Show
View Real Time Build Order
Export as new Build Order

A.I. 1 (Very Easy) Zerg - Winner!

Build Orders: Pool Only 

Get SALT Encoding   

  12  0:01  Drone  
  13  0:12  Overlord  
  13  0:16  Drone  
  14  0:34  Spawning Pool  
  13  0:37  Drone  
  13  0:41  Extractor  
  13  0:44  Drone  
  14  0:51  Overlord  
  14  1:21  Zergling x2  
  14  1:23  Queen  
  17  1:31  Roach Warren  
  16  1:34  Drone  
  16  1:37  Extractor  
  16  1:42  Drone  
  16  1:47  Zergling x2  
  18  2:00  Drone  
  19  2:07  Drone  
  20  2:12  Zergling x2  
  18  2:38  Roach  
Tags
 
Matchup
TvZ
Opening
Pool Only
Spawn Locations
Cross Positions
Add a new tag
Caveats
  • Supply blocks, unpowered buildings, or Contaminate may cause inaccurate times.
  • Supply counts are checked every 10 seconds.